 Dungeon Sprint DCSS version 0.19.1-1-g22dce08 (webtiles) character file.

299978 dvd the Executioner (level 14, 97/149 HPs)
             Began as a Minotaur Fighter on Jan 2, 2017.
             Was a High Priest of Okawaru.
             Escaped with the Orb!
             The game lasted 00:53:28 (7012 turns).

dvd the Executioner (Minotaur Fighter)              Turns: 7012, Time: 00:53:29

Health: 97/149     AC: 44    Str: 31    XL:     14   Next: 3%
Magic:  21/21      EV: 20    Int:  5    God:    Okawaru [*****.]
Gold:   556        SH: 28    Dex: 21    Spells: 0 memorised, 13 levels left

rFire  + . .     SeeInvis +     N - +6 eveningstar (protect)
rCold  . . .     Gourm    .     H - +15 plate armour of Failure {Dex+2}
rNeg   . . .     Faith    .     q - +3 large shield
rPois  +         Spirit   .     A - +0 hat of Boiling Hail {rElec Str+2 Dex+2}
rElec  +         Reflect  .     s - +2 cloak of the Thief {+Fog Slay-2 SInv Stlth+}
rCorr  .         Harm     .     J - +2 pair of gloves
MR     ++...     NoTele   +     c - +2 pair of boots {run}
Stlth  +.........               D - amulet of regeneration
                                b - ring of protection from fire
                                r - ring "Ishripaa" {*Corrode +Fly rPois MR+ Slay+3}

@: mighty, agile, quick
A: retaliatory headbutt, horns 2, subdued magic 2
a: Heroism, Finesse, Renounce Religion, Evoke Fog, Evoke Flight
0: Orb of Zot


You escaped.
You worshipped Okawaru.
Okawaru was extremely pleased with you.
You were not hungry.

You visited 1 branch You collected 7314 gold pieces.
You spent 6758 gold pieces at shops.

Inventory:

Hand Weapons
 d - a +1 hand axe of electrocution
 u - the +9 broad axe of Jihuosus {chop, *Slow rN++ Str+3 Stlth+}
   (Okawaru gifted it to you in the Dungeon)

   It inflicts extra damage upon your enemies.
   It affects your strength (+3).
   It greatly protects you from negative energy.
   It may slow you when you take damage.
   It makes you more stealthy.
 x - a +3 trident of venom
 y - a +3 war axe of venom
 C - a +4 war axe of freezing
 N - a +6 eveningstar of protection (weapon)
Missiles
 t - 7 javelins of returning (quivered)
Armour
 c - a +2 pair of boots of running (worn)
 g - a +3 chain mail of fire resistance
 p - the +1 ring mail of Circular Logic {rElec rPois MR+ Slay+3}
   (You found it in the Dungeon)

   It affects your accuracy and damage with ranged weapons and melee attacks
   (+3).
   It insulates you from electricity.
   It protects you from poison.
   It affects your resistance to hostile enchantments.
 q - a +3 large shield (worn)
 s - the +2 cloak of the Thief (worn) {+Fog Slay-2 SInv Stlth+}
   (You bought it in a shop in the Dungeon)

   It affects your accuracy and damage with ranged weapons and melee attacks
   (-2).
   It lets you see invisible.
   It can be evoked to emit clouds of fog.
   It makes you more stealthy.
 A - the +0 hat of Boiling Hail (worn) {rElec Str+2 Dex+2}
   (Okawaru gifted it to you in the Dungeon)

   It affects your strength (+2).
   It affects your dexterity (+2).
   It insulates you from electricity.
 B - the +0 scale mail "Resyeno" {rElec rC+ rN+++ Int-3}
   (You found it in the Dungeon)

   It affects your intelligence (-3).
   It protects you from cold.
   It insulates you from electricity.
   It renders you almost immune to negative energy.
 E - the cursed +0 robe of Weightlessness {rCorr Int-5 Slay+3 SInv, unknown}
   (You found it in the Dungeon)

   It affects your intelligence (-5).
   It affects your accuracy and damage with ranged weapons and melee attacks
   (+3).
   It lets you see invisible.
   It protects you from acid and corrosion.
   It has a curse placed upon it.
 H - the +15 plate armour of Failure (worn) {Dex+2}
   (You took it off a deep elf master archer in the Dungeon)

   It affects your dexterity (+2).
 J - a +2 pair of gloves (worn)
Jewellery
 a - an uncursed ring of protection from magic
 b - a ring of protection from fire (right hand)
 f - an uncursed ring of ice
 o - the amulet of Wishful Thinking {Spirit MP+9}
   (You bought it in a shop in the Dungeon)

   [amulet of guardian spirit]

   It causes incoming damage to be split between your health and magic.
   It affects your magic capacity (+9).
 r - the ring "Ishripaa" (left hand) {*Corrode +Fly rPois MR+ Slay+3}
   (You bought it in a shop in the Dungeon)

   [ring of poison resistance]

   It affects your accuracy and damage with ranged weapons and melee attacks
   (+3).
   It protects you from poison.
   It affects your resistance to hostile enchantments.
   It lets you fly.
   It may corrode you when you take damage.
 D - an amulet of regeneration (around neck)
 F - the ring of Soemiell {+Inv rPois Str-4 Int+5}
   (You took it off a deep elf master archer in the Dungeon)

   [ring of poison resistance]

   It affects your strength (-4).
   It affects your intelligence (+5).
   It protects you from poison.
   It lets you turn invisible.
 Q - an uncursed amulet of rage {unknown}
Wands
 j - a wand of digging (11/24)
Scrolls
 k - 2 scrolls of blinking
 m - a scroll of magic mapping
 w - a scroll of identify
 O - a scroll of enchant weapon
Potions
 e - 9 potions of curing
 i - 2 potions of magic
 l - 4 potions of heal wounds
 G - 2 potions of haste
 K - a potion of flight
 L - 4 potions of berserk rage
 M - a potion of agility
 P - a potion of cure mutation
Books
 h - a book of the Earth

   Spells                             Type                      Level
   a - Leda's Liquefaction            Hexes/Earth                  4
   b - Bolt of Magma                  Conjuration/Fire/Earth       5
   c - Statue Form                    Transmutation/Earth          6
   d - Iron Shot                      Conjuration/Earth            6
   e - Shatter                        Earth                        9
 n - a book of Burglary

   Spells                             Type                      Level
   a - Swiftness                      Charms/Air                   2
   b - Passwall                       Transmutation/Earth          2
   c - Passage of Golubria            Translocation                4
   d - Lee's Rapid Deconstruction     Earth                        5
   e - Darkness                       Hexes                        6
   f - Invisibility                   Hexes                        6
 I - a book of Alchemy

   Spells                             Type                      Level
   a - Sublimation of Blood           Necromancy                   2
   b - Ignite Poison                  Fire/Transmutation/Poison    3
   c - Petrify                        Transmutation/Earth          4
   d - Alistair's Intoxication        Transmutation/Poison         5
   e - Irradiate                      Conjuration/Transmutation    5
Comestibles
 v - 2 bread rations
 z - a meat ration


   Skills:
 + Level 20.8 Fighting
 + Level 21.1(21.7) Axes
 + Level 10.1(16.9) Polearms
 + Level 2.0 Throwing
 + Level 17.5 Armour
 + Level 10.0 Dodging
 + Level 4.5 Stealth
 + Level 19.0 Shields
 + Level 11.6 Invocations
 + Level 4.9 Evocations


You had 13 spell levels left.
You didn't know any spells.

Dungeon Overview and Level Annotations

Branches:
Dungeon (1/1)

Altars:
Cheibriados
Dithmenos
Elyvilon
Fedhas
Gozag
Hepliaklqana
Kikubaaqudgha
Makhleb
Nemelex Xobeh
Okawaru
Qazlal
Ru
Sif Muna
Trog
Uskayaw
Vehumet
Xom
Yredelemnul
Zin
The Shining One
Jiyva
Lugonu

Shops:
D ?[[(![!!*=%(*!?(![([(*

Annotations:
D Tiamat


Innate Abilities, Weirdness & Mutations

You reflexively headbutt those who attack you in melee.
You have a pair of horns on your head.
Your spells are easier to cast, but less powerful.


Message History

N - a +6 eveningstar of protection (weapon)
Unknown command.
An orange demon comes into view.
The orange demon is engulfed in noxious fumes.
The orange demon appears confused.
There is an open door here.
Things that are here:
a dagger; a robe
There is an open door here.
There is an open door here.
There is an open door here.
There is an open door here.
Things that are here:
a scythe; a robe
There is an open door, spattered with blood here.
There is an open door, spattered with blood here.
You see here a giant club.
There is an open door here.
There is a staircase leading out of the dungeon here.
You have escaped!

##################
#@.#..)..#..'..#__
#..'..#..').#..'..
#..#####'#####'#__
#..####..#...#(###
#..#__####..##[#§≈
#..#_____##'#.§§≈§
#⌠⌠#_.∩...'..._#≈≈
####_..__##_.#'##§
#_____###'#(#..


There were no monsters in sight!

Vanquished Creatures
  Lom Lobon (D)
  the Lernaean hydra (D)
  A golden dragon (D)
  An Orb Guardian (D)
  A deep elf master archer (D)
  A shadow dragon (D)
  A daeva (D)
  4 fire giants (D)
  A lorocyproca (D)
  A deep elf annihilator (D)
  A mummy priest (D)
  A hydra (D)
  2 centaur warriors (D)
  Sonja (D)
  A lindwurm (D)
  7 unseen horrors (D)
  A deep troll (D)
  2 oklob plants (D)
  8 shining eyes (D)
  2 sirens (D)
  A gargoyle (D)
  2 kobold demonologists (D)
  4 demonic crawlers (D)
  A hellwing (D)
  A meliai (D)
  5 hornets (D)
  A slime creature (D)
  2 redbacks (D)
  Sigmund (D)
  A yak (D)
  13 hogs (D)
  7 floating eyes (D)
  7 necrophages (D)
  An ogre (D)
  8 jellies (D)
  Ijyb (D)
  4 ball lightnings (D)
  3 ballistomycetes (D)
102 creatures vanquished.

Vanquished Creatures (others)
  A hell beast (D)
  A gargoyle (D)
  4 ball lightnings (D)
  2 ballistomycete spores (D)
8 creatures vanquished.

Grand Total: 110 creatures vanquished

Notes
Turn   | Place    | Note
-------+----------+-------------------------------------------
     0 | D        | dvd the Minotaur Fighter began the quest for the Orb.
     0 | D        | Reached XP level 1. HP: 19/19 MP: 0/0
     1 | D        | Noticed Ijyb
     6 | D        | Killed Ijyb
     6 | D        | Reached skill level 5 in Fighting
     6 | D        | Reached skill level 3 in Axes
     6 | D        | Reached skill level 5 in Armour
     6 | D        | Reached skill level 5 in Shields
     6 | D        | Reached XP level 2. HP: 28/29 MP: 1/1
    17 | D        | Noticed an ogre
    22 | D        | Killed an ogre
    22 | D        | Reached skill level 4 in Axes
    22 | D        | Reached XP level 3. HP: 25/39 MP: 2/2
    22 | D        | Reached XP level 4. HP: 30/47 MP: 3/3
   143 | D        | Noticed Sigmund
   148 | D        | Killed Sigmund
   148 | D        | Reached skill level 5 in Axes
   148 | D        | Reached XP level 5. HP: 54/57 MP: 4/4
   165 | D        | Found a deep blue altar of Sif Muna.
   167 | D        | Found a radiant altar of Vehumet.
   170 | D        | Reached XP level 6. HP: 59/63 MP: 5/5
   190 | D        | Found Seiplek's Weapon Emporium.
   190 | D        | Found an ancient bone altar of Kikubaaqudgha.
   190 | D        | Found a hazy altar of Hepliaklqana.
   190 | D        | Found a stormy altar of Qazlal.
   190 | D        | Found a hide-covered altar of Uskayaw.
   190 | D        | Found a blossoming altar of Fedhas.
   190 | D        | Found a bloodstained altar of Trog.
   190 | D        | Found an iron altar of Okawaru.
   190 | D        | Found a basalt altar of Yredelemnul.
   190 | D        | Found a glowing golden altar of the Shining One.
   190 | D        | Found a snail-covered altar of Cheibriados.
   190 | D        | Found a sacrificial altar of Ru.
   190 | D        | Found a glowing silver altar of Zin.
   190 | D        | Found a shadowy altar of Dithmenos.
   190 | D        | Found a white marble altar of Elyvilon.
   190 | D        | Noticed a yak
   197 | D        | Killed a yak
   197 | D        | Reached skill level 10 in Fighting
   197 | D        | Reached skill level 6 in Axes
   197 | D        | Reached skill level 10 in Armour
   198 | D        | Found an opulent altar of Gozag.
   199 | D        | Found a sparkling altar of Nemelex Xobeh.
   204 | D        | Became a worshipper of Warmaster Okawaru
   211 | D        | Killed a gargoyle
   284 | D        | Found a burning altar of Makhleb.
   284 | D        | Found a viscous altar of Jiyva.
   284 | D        | Found a shimmering altar of Xom.
   284 | D        | Found a corrupted altar of Lugonu.
   284 | D        | Noticed a slime creature
   295 | D        | Killed a slime creature
   295 | D        | Reached skill level 7 in Axes
   295 | D        | Reached skill level 10 in Shields
   295 | D        | Reached XP level 7. HP: 24/73 MP: 6/6
   540 | D        | Noticed a centaur warrior
   556 | D        | Killed a centaur warrior
   556 | D        | Reached * piety under Okawaru
   556 | D        | Reached skill level 10 in Axes
   556 | D        | Reached skill level 1 in Dodging
   556 | D        | Reached XP level 8. HP: 64/83 MP: 7/7
   561 | D        | Noticed a centaur warrior
   563 | D        | Noticed a hornet
   568 | D        | Killed a centaur warrior
   568 | D        | Reached ** piety under Okawaru
   568 | D        | Reached skill level 12 in Axes
   570 | D        | Killed a hornet
   570 | D        | Reached XP level 9. HP: 77/92 MP: 8/8
   758 | D        | Noticed a deep troll
   765 | D        | Killed a deep troll
   765 | D        | Reached *** piety under Okawaru
   765 | D        | Reached skill level 13 in Axes
   765 | D        | Reached skill level 1 in Stealth
   777 | D        | Found Assekys's Armour Emporium.
   783 | D        | Bought a +2 chain mail of fire resistance for 279 gold pieces
   796 | D        | Bought a cursed +0 pair of gloves for 45 gold pieces
   808 | D        | Noticed Sonja
   815 | D        | Killed Sonja
  1213 | D        | Noticed an oklob plant
  1226 | D        | Killed an oklob plant
  1226 | D        | Reached **** piety under Okawaru
  1226 | D        | Reached skill level 14 in Axes
  1226 | D        | Reached skill level 1 in Invocations
  1380 | D        | Found Tatoroeg's Magic Scroll Boutique.
  1388 | D        | Bought a scroll of blinking for 82 gold pieces
  1388 | D        | Bought a scroll of enchant weapon for 82 gold pieces
  1388 | D        | Bought a scroll of magic mapping for 38 gold pieces
  1388 | D        | Bought a scroll of enchant armour for 82 gold pieces
  1394 | D        | Noticed a shining eye
  1394 | D        | Noticed a shining eye
  1394 | D        | Noticed a shining eye
  1395 | D        | Gained mutation: Scrolls take you a little longer to read. [a shining eye]
  1396 | D        | Noticed a shining eye
  1396 | D        | Noticed a shining eye
  1396 | D        | Noticed a shining eye
  1396 | D        | Gained mutation: Your magical capacity is low. (-10% MP) [a shining eye]
  1398 | D        | Gained mutation: You have sharp toenails. [a shining eye]
  1398 | D        | Gained mutation: Your spells are a little easier to cast, but a little less powerful. [a shining eye]
  1400 | D        | Gained mutation: Your body sometimes deteriorates upon taking damage. [a shining eye]
  1401 | D        | Paralysed by a floating eye for 2 turns
  1403 | D        | Gained mutation: You are weak. (Str -2) [a shining eye]
  1403 | D        | Gained mutation: Your magical capacity is very low. (-20% MP) [a shining eye]
  1404 | D        | Killed a shining eye
  1404 | D        | Reached XP level 10. HP: 82/102 MP: 7/7
  1405 | D        | Gained mutation: Your magical capacity is extremely low. (-30% MP) [a shining eye]
  1405 | D        | Gained mutation: Your system is resistant to poisons. (rPois) [a shining eye]
  1406 | D        | Killed a shining eye
  1407 | D        | Paralysed by a floating eye for 4 turns
  1408 | D        | Gained mutation: You are very weak. (Str -4) [a shining eye]
  1408 | D        | Gained mutation: Scrolls take you longer to read. [a shining eye]
  1409 | D        | Gained mutation: Armour fits poorly on your strangely shaped body. [a shining eye]
  1412 | D        | Gained mutation: You are frail. (-10% HP) [a shining eye]
  1412 | D        | Gained mutation: Your spells are easier to cast, but less powerful. [a shining eye]
  1413 | D        | Killed a shining eye
  1413 | D        | Reached ***** piety under Okawaru
  1413 | D        | Reached skill level 15 in Axes
  1415 | D        | Gained mutation: You are very frail. (-20% HP) [a shining eye]
  1416 | D        | Killed a shining eye
  1416 | D        | Reached skill level 5 in Dodging
  1417 | D        | Noticed a shining eye
  1417 | D        | Noticed a shining eye
  1418 | D        | Killed a shining eye
  1422 | D        | Killed a shining eye
  1422 | D        | Received a gift from Okawaru
  1422 | D        | Reached skill level 16 in Axes
  1424 | D        | Gained mutation: Scrolls take you much longer to read. [a shining eye]
  1432 | D        | Killed a shining eye
  1433 | D        | Gained mutation: You are dopey. (Int -2) [a shining eye]
  1437 | D        | Killed a shining eye
  1437 | D        | Reached skill level 15 in Fighting
  1444 | D        | Found Coniu's Distillery.
  1444 | D        | Found Joiwader's Antique Armour Shoppe.
  1444 | D        | Found Xinelesa's Antique Armour Boutique.
  1444 | D        | Found Mowniuze's Armour Emporium.
  1449 | D        | Bought a potion of cure mutation for 325 gold pieces
  1450 | D        | Lost mutation: You are very weak. (Str -4) [potion of cure mutation]
  1450 | D        | Lost mutation: You are very frail. (-20% HP) [potion of cure mutation]
  1450 | D        | Lost mutation: Scrolls take you much longer to read. [potion of cure mutation]
  1564 | D        | Reached skill level 17 in Axes
  1564 | D        | Reached XP level 11. HP: 68/100 MP: 0/8
  1578 | D        | Received a gift from Okawaru
  1730 | D        | Noticed a lindwurm
  1741 | D        | Killed a lindwurm
  1783 | D        | Bought a scroll of remove curse for 33 gold pieces
  1801 | D        | Bought a +0 cloak for 49 gold pieces
  1815 | D        | Bought a potion of mutation for 32 gold pieces
  1815 | D        | Bought a potion of heal wounds for 65 gold pieces
  1815 | D        | Lost mutation: You are dopey. (Int -2) [potion of mutation]
  1815 | D        | Lost mutation: You are frail. (-10% HP) [potion of mutation]
  2161 | D        | Killed an unseen horror
  2161 | D        | Reached skill level 18 in Axes
  2209 | D        | Killed an unseen horror
  2286 | D        | Found Hing's Distillery.
  2286 | D        | Found Zeicvaoh's Distillery.
  2286 | D        | Found Taen's Assorted Antiques.
  2288 | D        | Found Eguore's Jewellery Emporium.
  2288 | D        | Found Juahu's Food Shop.
  2288 | D        | Found Asisaa's Antique Weapon Shoppe.
  2288 | D        | Found Fitzecw's General Store.
  2288 | D        | Found Jala's Distillery.
  2288 | D        | Found Peghaylo's Magic Scroll Shop.
  2288 | D        | Found Osmarhee's Weapon Shoppe.
  2292 | D        | Found Azumeava's Distillery.
  2293 | D        | Found Nill's Antique Weapon Emporium.
  2293 | D        | Found Oxirchoki's Armour Boutique.
  2294 | D        | Found Fiuzas's Weapon Emporium.
  2313 | D        | Bought the ring "Ishripaa" {*Corrode +Fly rPois MR+ Slay+3} for 542 gold pieces
  2323 | D        | Bought the +2 cloak of the Thief {+Fog Slay-2 SInv Stlth+} for 606 gold pieces
  2341 | D        | Bought a +0 pair of boots for 49 gold pieces
  2453 | D        | Noticed a lorocyproca
  2476 | D        | Killed a lorocyproca
  2476 | D        | Reached skill level 15 in Armour
  2540 | D        | Received a gift from Okawaru
  2540 | D        | Reached skill level 5 in Invocations
  2565 | D        | Received a gift from Okawaru
  2566 | D        | Got a slimy broad axe {god gift}
  2567 | D        | Identified the +9 broad axe of Jihuosus {chop, *Slow rN++ Str+3 Stlth+} (Okawaru gifted it to you in the Dungeon)
  2571 | D        | Reached ****** piety under Okawaru
  2700 | D        | Bought a scroll of identify for 22 gold pieces
  2758 | D        | Reached skill level 19 in Axes
  2839 | D        | Bought a ruby ring for 130 gold pieces
  3153 | D        | Bought the amulet of Wishful Thinking {Spirit MP+9} for 481 gold pieces
  3267 | D        | Bought a bread ration for 55 gold pieces
  3335 | D        | Noticed a daeva
  3361 | D        | Killed a daeva
  3361 | D        | Reached skill level 15 in Shields
  3361 | D        | Reached XP level 12. HP: 41/127 MP: 5/10
  3390 | D        | Got a faintly humming ring mail
  3402 | D        | Identified the +1 ring mail of Circular Logic {rElec rPois MR+ Slay+3} (You found it in the Dungeon)
  3679 | D        | Received a gift from Okawaru
  3686 | D        | Reached skill level 1 in Evocations
  3699 | D        | Identified a +2 pair of boots of running (Okawaru gifted it to you in the Dungeon)
  3710 | D        | Noticed a fire giant
  3714 | D        | Noticed a fire giant
  3714 | D        | Noticed a fire giant
  3717 | D        | Noticed a fire giant
  3722 | D        | Killed a fire giant
  4158 | D        | Killed a fire giant
  4258 | D        | Noticed a 12-headed hydra
  4261 | D        | Killed a fire giant
  4261 | D        | Reached skill level 20 in Axes
  4276 | D        | Killed a 14-headed hydra
  4276 | D        | Reached skill level 1 in Throwing
  4280 | D        | Killed a fire giant
  4580 | D        | Noticed a deep elf annihilator
  4758 | D        | Bought a runed trident for 209 gold pieces
  4889 | D        | Bought a meat ration for 55 gold pieces
  4889 | D        | Bought a meat ration for 55 gold pieces
  4889 | D        | Bought a bread ration for 55 gold pieces
  4970 | D        | Killed a deep elf annihilator
  4970 | D        | Received a gift from Okawaru
  4975 | D        | Noticed a mummy priest
  5068 | D        | Reached skill level 1 in Polearms
  5264 | D        | Killed a mummy priest
  5503 | D        | Noticed a shadow dragon
  5503 | D        | Noticed a golden dragon
  5516 | D        | Killed a golden dragon
  5516 | D        | Reached skill level 5 in Polearms
  5516 | D        | Reached XP level 13. HP: 139/139 MP: 12/12
  5526 | D        | Killed a shadow dragon
  5526 | D        | Received a gift from Okawaru
  5529 | D        | Got a slimy hat {god gift}
  5535 | D        | Identified the +0 hat of Boiling Hail {rElec Str+2 Dex+2} (Okawaru gifted it to you in the Dungeon)
  5544 | D        | Got a slimy scale mail
  5555 | D        | Identified the +0 scale mail "Resyeno" {rElec rC+ rN+++ Int-3} (You found it in the Dungeon)
  5646 | D        | Found Zublorch's Assorted Antiques.
  5727 | D        | Noticed the 27-headed Lernaean hydra
  5814 | D        | Killed the 27-headed Lernaean hydra
  5814 | D        | Reached skill level 10 in Invocations
  5864 | D        | Got a ripped robe
  6120 | D        | Noticed a deep elf master archer
  6137 | D        | Killed a deep elf master archer
  6163 | D        | Got a shimmering jade ring
  6167 | D        | Got a brightly glowing plate armour
  6178 | D        | Identified the +15 plate armour of Failure {Dex+2} (You took it off a deep elf master archer in the Dungeon)
  6310 | D        | Bought a potion of cure mutation for 275 gold pieces
  6310 | D        | Bought a potion of cure mutation for 275 gold pieces
  6310 | D        | Lost mutation: Your magical capacity is extremely low. (-30% MP) [potion of cure mutation]
  6310 | D        | Lost mutation: Your body sometimes deteriorates upon taking damage. [potion of cure mutation]
  6310 | D        | Lost mutation: You have sharp toenails. [potion of cure mutation]
  6310 | D        | Lost mutation: Scrolls take you longer to read. [potion of cure mutation]
  6310 | D        | Lost mutation: Scrolls take you a little longer to read. [potion of cure mutation]
  6311 | D        | Lost mutation: Your magical capacity is very low. (-20% MP) [potion of cure mutation]
  6311 | D        | Lost mutation: Your magical capacity is low. (-10% MP) [potion of cure mutation]
  6311 | D        | Lost mutation: Armour fits poorly on your strangely shaped body. [potion of cure mutation]
  6311 | D        | Lost mutation: You are weak. (Str -2) [potion of cure mutation]
  6311 | D        | Lost mutation: Your system is resistant to poisons. (rPois) [potion of cure mutation]
  6365 | D        | Bought a +1 pair of gloves for 126 gold pieces
  6458 | D        | Bought an uncursed ring of protection from fire for 325 gold pieces
  6459 | D        | Identified the ring of Soemiell {+Inv rPois Str-4 Int+5} (You took it off a deep elf master archer in the Dungeon)
  6467 | D        | Bought a scroll of enchant armour for 105 gold pieces
  6474 | D        | Bought a scroll of enchant armour for 195 gold pieces
  6479 | D        | Bought a potion of haste for 110 gold pieces
  6479 | D        | Bought a potion of resistance for 110 gold pieces
  6554 | D        | Noticed Lom Lobon
  6630 | D        | Bought a potion of berserk rage for 70 gold pieces
  6630 | D        | Bought a potion of agility for 56 gold pieces
  6630 | D        | Bought a potion of agility for 56 gold pieces
  6630 | D        | Bought a potion of might for 56 gold pieces
  6630 | D        | Bought a potion of curing for 42 gold pieces
  6630 | D        | Bought a potion of haste for 140 gold pieces
  6630 | D        | Bought a potion of curing for 42 gold pieces
  6630 | D        | Bought a potion of agility for 56 gold pieces
  6630 | D        | Bought a potion of curing for 42 gold pieces
  6634 | D        | Bought a scroll of enchant weapon for 105 gold pieces
  6634 | D        | Bought 2 potions of heal wounds for 140 gold pieces
  6634 | D        | Bought a potion of curing for 42 gold pieces
  6634 | D        | Bought a scroll of blinking for 105 gold pieces
  6639 | D        | Bought a potion of curing for 33 gold pieces
  6639 | D        | Bought a potion of curing for 33 gold pieces
  6639 | D        | Bought 2 potions of berserk rage for 110 gold pieces
  6640 | D        | Bought a potion of curing for 39 gold pieces
  6640 | D        | Bought a potion of curing for 39 gold pieces
  6640 | D        | Bought a potion of cure mutation for 325 gold pieces
  6640 | D        | Bought a potion of might for 52 gold pieces
  6640 | D        | Bought a potion of haste for 130 gold pieces
  6640 | D        | Bought a potion of curing for 39 gold pieces
  6640 | D        | Bought a potion of berserk rage for 65 gold pieces
  6747 | D        | Killed Lom Lobon
  6747 | D        | Reached skill level 21 in Axes
  6751 | D        | Bought a yellow potion for 15 gold pieces
  6751 | D        | Bought a scroll of identify for 34 gold pieces
  6922 | D        | Got the Orb of Zot
  6923 | D        | Noticed Tiamat
  6976 | D        | Noticed an Orb Guardian
  6981 | D        | Killed an Orb Guardian
  6981 | D        | Received a gift from Okawaru
  6981 | D        | Reached skill level 10 in Polearms
  6981 | D        | Reached skill level 10 in Dodging
  6981 | D        | Reached XP level 14. HP: 76/149 MP: 21/21
  7012 | D        | Escaped with the Orb!

Skill      XL: |  1  2  3  4  5  6  7  8  9 10 11 12 13 |
---------------+----------------------------------------+-----
Fighting       | 5 7 9 10 11 12 13 15 17 19 20 | 20.8
Axes           | 3 4 5 7 10 12 14 17 19 20 21 | 21.1
Armour         | 5 7 8 9 10 12 13 14 15 16 17 | 17.5
Shields        | 5 6 8 10 11 12 13 15 17 19 | 19.0
Dodging        | 1 2 4 6 7 8 10 | 10.0
Stealth        | 1 2 4 |  4.5
Invocations    | 1 2 5 9 11 | 11.6
Evocations     | 1 4 |  4.9
Throwing       | 2 |  2.0
Polearms       | 5 10 | 10.1

Action                   |  1- 3 |  4- 6 |  7- 9 | 10-12 | 13-15 || total
-------------------------+-------+-------+-------+-------+-------++-------
Melee: War axe           |     9 |    23 |    51 |    63 |       ||   146
       Headbutt          |     3 |    11 |    21 |    78 |    15 ||   128
       Kick              |       |       |     3 |    40 |       ||    43
       Hand axe          |       |       |       |   113 |       ||   113
       Broad axe         |       |       |       |   114 |    33 ||   147
       Trident           |       |       |       |    29 |    14 ||    43
Throw: Javelin           |       |       |       |     3 |       ||     3
Invok: Heroism           |       |       |     2 |    16 |     3 ||    21
       Finesse           |       |       |       |     6 |     3 ||     9
 Abil: Evoke Flight      |       |       |       |       |     6 ||     6
       Stop Flying       |       |       |       |       |     1 ||     1
Evoke: Wand              |       |       |       |     2 |       ||     2
  Use: Potion            |       |       |     3 |     6 |    14 ||    23
       Scroll            |       |       |     3 |     4 |     3 ||    10
 Stab: Distracted        |       |       |       |       |     1 ||     1
  Eat: Bread ration      |       |       |     1 |       |       ||     1
       Chunk             |       |       |       |     2 |     1 ||     3
       Meat ration       |       |       |       |     2 |     1 ||     3
Armor: Scale mail        |     2 |     4 |     5 |       |       ||    11
       Chain mail        |       |       |       |    66 |    33 ||    99
       Skin              |       |       |       |     1 |       ||     1
       Plate armour      |       |       |       |       |    10 ||    10
Dodge: Dodged            |       |     4 |    16 |    63 |    17 ||   100
Block: Shield            |     5 |     7 |    20 |    78 |       ||   110
       Large shield      |       |       |       |    63 |    37 ||   100
